 Dungeon Crawl Stone Soup version 0.29.1-12-g30fa7ad0bf (webtiles) character file.

Game seed: 12517240481033299223

662 kingofthe the Magician (level 7, -2/36 HPs)
             Began as a Deep Elf Hedge Wizard on Jan 15, 2023.
             Slain by a gnoll
             ... wielding a +0 flail of protection
              (7 damage)
             ... on level 5 of the Dungeon.
             The game lasted 00:34:34 (6904 turns).

kingofthe the Magician (Deep Elf Hedge Wizard)      Turns: 6904, Time: 00:34:34

Health: -2/36      AC:  9    Str:  7    XL:     7   Next: 30%
Magic:  9/18       EV: 18    Int: 19    God:
Gold:   313        SH:  0    Dex: 16    Spells: 11/18 levels left

rFire   . . .      SeeInvis .   a - +2 dagger (elec)
rCold   . . .      Faith    .   (no shield)
rNeg    . . .      Spirit   .   b - +0 robe
rPois   .          Reflect  .   c - +0 hat
rElec   .          Harm     .   (no cloak)
rCorr   .          Rampage  .   j - +0 pair of gloves
Will    .....                   u - +1 pair of boots
Stlth   +++.......              (no amulet)
HPRegen 0.12/turn               l - +4 ring of evasion
MPRegen 0.16/turn               p - +4 ring of protection

@: no status effects
A: no striking features
a: no special abilities


You were on level 5 of the Dungeon.
You visited 1 branch of the dungeon, and saw 5 of its levels.

You collected 313 gold pieces.

Inventory:

Hand Weapons
 a - a +2 dagger of electrocution (weapon)
 o - a +1 dagger of venom
Armour
 b - a +0 robe (worn)
 c - a +0 hat (worn)
 j - a +0 pair of gloves (worn)
 u - a +1 pair of boots (worn)
Jewellery
 l - a +4 ring of evasion (left hand)
 n - a ring of willpower
 p - a +4 ring of protection (right hand)
 r - a ring of see invisible
 s - a ring of protection from cold
Scrolls
 e - a scroll of vulnerability
 k - a scroll of identify
 x - a scroll of magic mapping {unknown}
Potions
 d - 2 potions of magic
 f - a potion of ambrosia {unknown}
 g - 3 potions of lignification
 h - a potion of cancellation {unknown}
 m - 2 potions of berserk rage {unknown}
 q - a potion of degeneration {unknown}
 v - 2 potions of haste {unknown}
 w - 2 potions of brilliance {unknown}
 z - a potion of curing {unknown}


   Skills:
 - Level 5.1 Dodging
 + Level 5.2 Stealth
 + Level 6.4 Spellcasting
 + Level 3.9 Conjurations
 - Level 1.1 Summonings
 - Level 2.0 Translocations
 + Level 2.7 Fire Magic


You had 11 spell levels left.
You knew the following spells:

 Your Spells              Type           Power      Damage    Failure   Level
a - Magic Dart            Conj           84%        1d7       2%          1
b - Blink                 Tloc           26%        N/A       7%          2
c - Conjure Flame         Conj/Fire      18%        6-21      9%          3
d - Slow                  Hex            24%        N/A       11%         1

Your spell library contained the following spells:

 Spells                   Type           Power      Damage    Failure   Level
 Call Imp                 Summ           10%        N/A       11%         2
 Mephitic Cloud           Conj/Pois/Air  11%        N/A       19%         3


Dungeon Overview and Level Annotations

Branches:
Dungeon (5/15)
 Temple: D:4-7

Altars:
Cheibriados
Gozag
Kikubaaqudgha
Nemelex Xobeh
Qazlal
Ru
Xom

Annotations:
D:4 exclusions: howler monkey and phantom
D:5 Prince Ribbit


Message History

Confirm with . or Enter, or press ? or * to list all spells.
Aiming: Slow (safe; 11% risk of failure)
Press: ? - help, Shift-Dir - straight line, f/p - orc
Aim: an orc, wielding a +0 flail, wearing a +0 plate armour and quivering boomerangs (weak-willed, chance to affect: 61%)
The orc seems to slow down.
A hound comes into view.
You feel your willpower return.
An orc comes into view. It is wielding a +0 short sword.
Prince Ribbit comes into view.
Prince Ribbit moves out of view.
The orc shouts!
The orc throws a boomerang.
The boomerang hits you but does no damage.
A gnoll comes into view. It is wielding a +0 flail.
The gnoll shouts!
You hear a shout! x2
A gnoll comes into view. It is wielding a +0 whip.
As you read the scroll labelled YNUDGH NEFENN, it crumbles to dust.
It is a scroll of identify.
g - 3 potions of lignification
As you read the scroll labelled ZUTILA TOXIDGHA, it crumbles to dust.
It is a scroll of enchant armour.
Your +0 pair of boots glows green for a moment.
A gnoll comes into view. It is wielding a +0 spear.
As you read the scroll labelled XETAAQIWUCS, it crumbles to dust.
You assume a fearsome visage.
The orc looks frightened! x2
The gnoll looks frightened! x3; It was a scroll of fear.
A gnoll comes into view.
It is wielding a +0 flail of protection.
The gnoll shouts!
The gnoll throws a throwing net.
The throwing net closely misses you.
You see here a throwing net.
The gnoll attacks as you move away! The gnoll misses you.
The gnoll attacks as you move away!
The gnoll hits you with a +0 flail of protection!
* * * LOW HITPOINT WARNING * * *
The gnoll attacks as you move away!
The gnoll hits you with a +0 flail of protection.
* * * LOW HITPOINT WARNING * * *
The gnoll attacks as you move away!
The gnoll hits you with a +0 flail of protection!
You die...

......#.. #....g.
#..#.# .. .
#....#.... ...
##o...>........
#.#.####.......
##.#.# .....
####..#(# .(...
##.@g.##o######.....
#..#####.o##...###..
##.# ##....o..##..
#<## ##..o.o.o...
#..## #.....(o.#.
##..## #.o..(..#..
##..# ##.....##..
##################
#.................


You could see a gnoll.

Vanquished Creatures
  A black bear (D:5)
  An ogre (D:4)
  3 phantoms
  A scorpion (D:5)
  A jelly (D:4)
  An orc wizard (D:5)
  4 gnolls
  4 adders
  2 worms (D:3)
  3 orcs
  5 bats
  8 endoplasms
  3 giant cockroaches
  6 goblins
  7 hobgoblins
  3 jackals (D:3)
  4 kobolds
  2 quokkas
  11 ball pythons
  3 frilled lizards
  3 rats
76 creatures vanquished.

Vanquished Creatures (others)
  4 plants (D:2)
4 creatures vanquished.

Grand Total: 80 creatures vanquished

Notes
Turn   | Place    | Note
-------+----------+-------------------------------------------
     0 | D:1      | kingofthe the Deep Elf Hedge Wizard began the quest for the
                  | Orb.
     0 | D:1      | Reached XP level 1. HP: 10/10 MP: 7/7
   372 | D:1      | Reached XP level 2. HP: 15/15 MP: 6/9
   484 | D:1      | Found a faded altar of an unknown god.
   495 | D:1      | Learned a level 2 spell: Blink
  1258 | D:2      | Found an opulent altar of Gozag.
  1392 | D:2      | Reached XP level 3. HP: 17/19 MP: 0/11
  1811 | D:2      | Learned a level 3 spell: Conjure Flame
  2618 | D:3      | Found a snail-covered altar of Cheibriados.
  3134 | D:3      | Reached XP level 4. HP: 17/24 MP: 2/12
  3423 | D:3      | Reached skill level 5 in Spellcasting
  3908 | D:4      | Found an opulent altar of Gozag.
  4018 | D:4      | Found a stormy altar of Qazlal.
  4095 | D:4      | Learned a level 1 spell: Slow
  4126 | D:4      | Noticed a phantom
  4524 | D:4      | Reached XP level 5. HP: 27/28 MP: 6/14
  4694 | D:4      | Noticed an ogre
  4994 | D:4      | Found a sacrificial altar of Ru.
  5030 | D:4      | Found a shimmering altar of Xom.
  5548 | D:5      | Entered Level 5 of the Dungeon
  5574 | D:5      | Reached skill level 1 in Fire Magic
  5759 | D:5      | Noticed a phantom
  5788 | D:4      | Killed a phantom
  5789 | D:4      | Reached XP level 6. HP: 32/32 MP: 1/16
  6210 | D:5      | Reached skill level 5 in Dodging
  6210 | D:5      | Reached skill level 6 in Spellcasting
  6606 | D:5      | Reached skill level 5 in Stealth
  6606 | D:5      | Reached XP level 7. HP: 32/36 MP: 1/18
  6770 | D:5      | Found an ancient bone altar of Kikubaaqudgha.
  6835 | D:5      | Found a sparkling altar of Nemelex Xobeh.
  6876 | D:5      | Noticed Prince Ribbit
  6904 | D:5      | Slain by a gnoll

Illustrated notes

Levels and vault maps discovered:
D:1:      sevenhm_arrival_forest_fort_large_2, layout_rooms,
          shapermc_ecumenical_altar_mp_ritualfount, minmay_tetromino_o4
D:2:      layout_rooms, serial_co_window_serial, co_window_corner_a,
          co_window_corner_a, co_window_paths_a, co_window_of_opportunity_a,
          co_window_corner_a, co_window_of_opportunity_c, co_window_broadway_b,
          co_window_broadway_a, co_window_paths_c, co_window_corner_b,
          co_window_paths_e, glass_columns_a, glass_columns_a, basic_altar,
          minmay_crystal_room, kennysheep_nub, kennysheep_flooded_box,
          grunt_ministairs_9, minmay_shallow_snake_nest
D:3:      cheibrodos_helix_gallery, layout_basic, chei_slow_surprise,
          roderic_three_in_a_row, chequers_serial_rivers_small_b,
          chequers_serial_rivers_small_a, hangedman_abyss_or_decor_stabs,
          minmay_fractal_squares_gapless_5
D:4:      minmay_general_purpose_star, layout_gridville,
          mainiacjoe_overflow_concentric_impassable, nicolae_gozag_seed_capital,
          minitemple
D:5:      layout_rooms, nicolae_overflow_hidden_temple,
          lemuel_coloured_pillars_altar, hangedman_abyss_or_decor_passed,
          uniq_prince_ribbit1

Skill      XL: |  1  2  3  4  5  6 |
---------------+-------------------+-----
Dodging        | 3 4 5 |  5.1
Stealth        | 3 4 5 |  5.2
Conjurations   | 2 3 |  3.9
Spellcasting   | 5 6 |  6.4
Translocations | 2 |  2.0
Fire Magic     | 1 2 |  2.7
Summonings     | |  1.1

Action                   |  1- 3 |  4- 6 |  7- 9 || total
-------------------------+-------+-------+-------++-------
Melee: Dagger            |     7 |       |       ||     7
 Cast: Magic Dart        |   131 |   188 |    17 ||   336
       Slow              |       |    10 |     4 ||    14
       Blink             |       |     3 |     1 ||     4
       Conjure Flame     |       |       |     1 ||     1
  Use: Scroll            |       |       |     4 ||     4
Armor: Robe              |     4 |    16 |    11 ||    31
Dodge: Dodged            |    28 |    65 |    59 ||   152
